AoeStats
← luca.curcio.2001

Arena

508272102Analyzed
4v4 RM · 10d ago on Sep 21, 2026· 60m 51s· 8 players
Game mode
Random Map
Map size
Large (8 player)
Population
200
Speed
Normal
Resources
Standard
Victory
Conquest
Starting age
Dark Age
Ending age
Imperial Age
RankedLock teamsTeams togetherTeam positionsShared explorationLock speedFull tech treeHidden civsTurbo modeCheats
Victory
Defeat
🇲🇽 Vietnamese · Mexico
1016
+13
🇩🇪 Bohemians · Germany
967
+15
🇬🇧 Khmer · United Kingdom
904
+17
🇭🇰 Franks · Hong Kong SAR China
860
+18
🇮🇹 Aztecs · Italy
1003
-47
🇨🇿 Persians · Czechia
922
-15
🇺🇸 Khmer · United States
922
-15
🇨🇿 Koreans · Czechia
884
-14
Kakur
9:56 Feudal Age
14:45 Castle Age
14:36 Stone Mining
16:41 Double-Bit Axe
17:03 Gold Mining
17:22 Horse Collar
18:43 Loom
28:06 Imperial Age
26:42 Wheelbarrow
26:29 Bloodlines
26:56 Heavy Plow
27:11 Scale Barding Armor
27:51 Hand Cart
27:48 Fletching
29:00 Gold Shaft Mining
29:31 Bow Saw
29:52 Conscription
30:30 Forging
31:02 Stone Shaft Mining
31:09 Husbandry
32:33 Citadels
33:37 Iron Casting
33:05 Bodkin Arrow
34:48 Chain Barding Armor
35:29 Blast Furnace
35:40 Two-Man Saw
35:13 Crop Rotation
34:48 Kamandaran
36:18 Crossbowman
38:32 Thumb Ring
37:53 Elite War Elephant
38:41 Padded Archer Armor
39:17 Plate Barding Armor
40:16 Leather Archer Armor
41:03 Chemistry
40:24 Ballistics
40:00 Murder Holes
42:07 Hoardings
42:17 Ring Archer Armor
41:39 Light Cavalry
43:30 Caravan
44:06 Devotion
43:35 Hussar
46:54 Cavalier
48:19 Faith
48:17 Heavy Camel Rider
luca.curcio.2001
14:09 Feudal Age
14:35 Double-Bit Axe
14:36 Horse Collar
15:34 Wheelbarrow
15:38 Gold Mining
15:41 Stone Mining
22:36 Castle Age
20:21 Loom
21:46 Arson
23:27 Bow Saw
23:20 Heavy Plow
24:02 Hand Cart
27:10 Stone Shaft Mining
26:54 Squires
26:40 Gambesons
28:08 Gold Shaft Mining
31:20 Fortified Wall
31:31 Ballistics
31:07 Murder Holes
30:53 Treadmill Crane
31:24 Town Watch
35:12 Imperial Age
33:20 Town Patrol
33:30 Padded Archer Armor
33:20 Fletching
33:31 Scale Mail Armor
34:59 Forging
34:52 Eagle Warrior
35:49 Elite Eagle Warrior
36:51 Bodkin Arrow
37:11 Leather Archer Armor
37:12 Chain Mail Armor
38:43 Conscription
41:02 Iron Casting
40:57 Plate Mail Armor
40:28 Bracer
41:24 Pikeman
Frujt
4:26 Loom
11:17 Feudal Age
17:28 Castle Age
16:22 Double-Bit Axe
16:21 Horse Collar
16:34 Gold Mining
18:59 Wheelbarrow
18:57 Bow Saw
19:23 Heavy Plow
19:43 Town Watch
21:12 Stone Mining
25:00 Town Patrol
25:45 Pikeman
28:21 Hand Cart
31:12 Gold Shaft Mining
32:03 Stone Shaft Mining
34:18 Imperial Age
33:08 Scale Mail Armor
34:26 Chain Mail Armor
34:22 Forging
35:15 Ballistics
34:28 Halberdier
37:46 Chemistry
36:42 Murder Holes
36:58 Fortified Wall
37:48 Plate Mail Armor
37:53 Iron Casting
37:34 Squires
37:19 Arson
37:21 Gambesons
38:02 Elite War Wagon
38:35 Fletching
38:51 Scale Barding Armor
41:56 Bodkin Arrow
41:55 Heated Shot
41:46 Treadmill Crane
42:41 Man-at-Arms
43:25 Eupseong
44:02 Caravan
50:35 Chain Barding Armor
51:26 Coinage
51:07 Guilds
54:09 Thumb Ring
54:48 Elite Skirmisher
BuDrakexn
11:15 Feudal Age
17:16 Castle Age
16:03 Double-Bit Axe
17:29 Horse Collar
19:08 Gold Mining
19:09 Stone Mining
20:54 Bow Saw
25:41 Wheelbarrow
28:32 Hand Cart
28:04 Loom
29:07 Husbandry
29:18 Bloodlines
30:18 Gold Shaft Mining
30:20 Stone Shaft Mining
30:30 Forging
30:26 Scale Barding Armor
34:12 Imperial Age
34:18 Imperial Age
32:33 Iron Casting
32:18 Chain Barding Armor
33:17 Tusk Swords
33:26 Heavy Plow
34:24 Heavy Scorpion
36:34 Blast Furnace
36:10 Plate Barding Armor
36:00 Elite Battle Elephant
38:22 Double Crossbow
40:36 Chemistry
39:44 Siege Engineers
40:38 Murder Holes
42:08 Ballistics
43:36 Fletching
46:09 Masonry
46:13 Caravan
54:35 Light Cavalry
Kaizoku Oh
10:33 Feudal Age
15:27 Castle Age
13:57 Double-Bit Axe
17:02 Horse Collar
21:18 Bow Saw
24:21 Heavy Plow
25:01 Forging
24:57 Scale Barding Armor
26:46 Gold Mining
27:48 Wheelbarrow
29:29 Hand Cart
33:01 Imperial Age
31:13 Tusk Swords
31:50 Loom
33:36 Heavy Scorpion
35:17 Conscription
34:59 Double Crossbow
35:45 Crop Rotation
35:51 Bloodlines
35:42 Husbandry
35:03 Elite Battle Elephant
35:11 Light Cavalry
38:21 Chain Barding Armor
38:37 Iron Casting
40:20 Plate Barding Armor
41:42 Blast Furnace
40:33 Fletching
40:44 Padded Archer Armor
41:13 Hussar
43:52 Chemistry
43:03 Fortified Wall
42:59 Siege Engineers
43:06 Masonry
44:01 Gold Shaft Mining
44:17 Hoardings
46:47 Coinage
47:19 Bodkin Arrow
47:39 Leather Archer Armor
59:27 Banking
BabyShark
6:41 Loom
10:53 Feudal Age
11:25 Double-Bit Axe
13:52 Loom
16:10 Castle Age
21:25 Loom
24:41 Imperial Age
23:20 Bow Saw
24:55 Wheelbarrow
24:08 Town Watch
25:05 Scale Barding Armor
25:11 Forging
27:02 Hand Cart
27:37 Husbandry
26:58 Cavalier
29:18 Chain Barding Armor
30:44 Conscription
31:38 Plate Barding Armor
31:39 Iron Casting
32:07 Paladin
34:37 Blast Furnace
33:57 Gold Mining
44:15 Caravan
44:06 Light Cavalry
54:37 Chivalry
Maudi
0:31 Loom
10:38 Feudal Age
17:33 Castle Age
16:59 Double-Bit Axe
16:56 Horse Collar
21:01 Wheelbarrow
22:01 Heavy Plow
24:19 Bow Saw
26:21 Treadmill Crane
31:57 Imperial Age
30:52 Chemistry
30:13 Ballistics
30:27 Padded Archer Armor
30:25 Fletching
30:53 Pikeman
31:33 Squires
31:20 Arson
31:53 Leather Archer Armor
32:02 Town Watch
32:38 Murder Holes
34:30 Scale Mail Armor
39:30 Ring Archer Armor
39:48 Halberdier
40:45 Chain Mail Armor
40:40 Forging
40:26 Bodkin Arrow
40:55 Houfnice
41:24 Elite Skirmisher
43:28 Bracer
42:55 Imperial Skirmisher
44:32 Hand Cart
45:33 Conscription
46:18 Siege Engineers
46:32 Town Patrol
47:47 Wagenburg Tactics
50:05 Plate Mail Armor
53:23 Husbandry
52:43 Light Cavalry
53:33 Scale Barding Armor
54:04 Iron Casting
55:15 Masonry
54:51 Arrowslits
55:28 Chain Barding Armor
quiquito45
11:48 Feudal Age
10:03 Loom
15:47 Castle Age
15:50 Stone Mining
18:08 Double-Bit Axe
21:14 Bow Saw
21:33 Horse Collar
27:29 Heavy Plow
27:23 Gold Mining
27:51 Elite Skirmisher
31:05 Wheelbarrow
33:54 Imperial Age
32:22 Scale Mail Armor
32:48 Forging
34:09 Fortified Wall
33:58 Imperial Skirmisher
34:43 Thumb Ring
36:36 Padded Archer Armor
36:27 Fletching
37:38 Leather Archer Armor
40:04 Bodkin Arrow
42:46 Bracer
43:16 Ring Archer Armor
44:26 Block Printing
47:10 Chemistry
48:17 Two-Man Saw
47:49 Crop Rotation
48:27 Hand Cart
47:57 Town Watch
53:19 Siege Engineers
58:08 Elite Fire Lancer
Connection lost

Rejoining the realm…

Still unreachable

The connection could not be restored.

Session expired

The server has moved on; the page needs a fresh start.